 Seeded DCSS version 0.31-a0-833-gc15d34cb79 (webtiles) character file.

Game seed: 6048892100812127374 (custom seed)

52 Iich the Trooper (level 3, 0/29 HPs)
             Began as a Demonspawn Fighter on Sept 20, 2023.
             Succumbed to Sigmund's poison
             ... on level 2 of the Dungeon on Sept 26, 2023.
             The game lasted 00:01:44 (763 turns).

Iich the Trooper (Demonspawn Fighter)                Turns: 763, Time: 00:01:44

Health: 0/29       AC:  6    Str: 18    XL:     3   Next: 60%
Magic:  3/3        EV: 10    Int:  9    God:
Gold:   61         SH:  0    Dex: 12    Spells: 2/2 levels left

rFire   . . .        a - +0 war axe
rCold   . . .        c - +0 buckler
rNeg    . . .        k - +1 ring mail {rPois}
rPois   +            (no helmet)
rElec   .            (no cloak)
rCorr   .            (no gloves)
SInv    .            (no boots)
Will    .....        (no amulet) Stlth
                     (no ring)
HPRegen 0.24/turn    (no ring)
MPRegen 0.08/turn

%: no passive effects
@: confused, lethally poisoned (0 -> -2)
A: spiny 1, weakness stinger 1
a: no special abilities


You were on level 2 of the Dungeon.
You visited 1 branch of the dungeon, and saw 2 of its levels.

You collected 61 gold pieces.

Inventory:

Hand Weapons
 a - a +0 war axe (weapon)
Armour
 b - a +0 scale mail
 c - a +0 buckler (worn)
 i - a +0 tower shield
 k - a +1 ring mail of poison resistance (worn)
Wands
 m - a wand of polymorph (9)
Scrolls
 e - 2 scrolls of enchant weapon {unknown}
 f - 2 scrolls of identify {unknown}
 g - a scroll of brand weapon {unknown}
Potions
 d - a potion of might
 h - a potion of ambrosia {unknown}
 j - a potion of heal wounds {unknown}
 l - a potion of mutation {unknown}


   Skills:
 + Level 3.4 Fighting
 + Level 2.4 Axes
 + Level 3.1 Armour
 + Level 1.2 Dodging
 - Level 2.6 Shields


You had 2 spell levels left.
You didn't know any spells.
Your spell library contained the following spells:

 Spells                   Type           Power      Damage    Failure   Level
 Blink                    Tloc           0%         N/A       80%         2
 Lesser Beckoning         Tloc           0%         N/A       80%         2
 Momentum Strike          Conj/Tloc      0%         3d8       80%         2
 Conjure Ball Lightning   Conj/Air       0%         3x3d6     100%        6
 Discord                  Hex            0%         N/A       100%        8
 Disjunction              Tloc           0%         N/A       100%        8


Dungeon Overview and Level Annotations

Branches:
Dungeon (2/15)

Altars:

Shops:
D:1 =

Annotations:
D:2 Sigmund


Innate Abilities, Weirdness & Mutations

You are partially covered in sharp spines.
You have a small tail.


Message History

You feel sick. Sigmund closely misses you.
Things that are here:
a +0 club; a goblin corpse You take 2 damage, and have 21/29 hp.
Unknown command.
Unknown command.
You feel sick.
Sigmund hits you with a +0 scythe of venom.
You are more poisoned.
You take 6 damage, and have 15/29 hp. !!!!--MASSIVE DAMAGE--!!!!
Unknown command.
* * * LOW HITPOINT WARNING * * *
You feel very sick.
You take 3 damage, and have 12/29 hp.
Unknown command.
* * * LOW HITPOINT WARNING * * *
You feel very sick. Sigmund closely misses you.
You take 2 damage, and have 10/29 hp.
Unknown command.
You bump into the rock wall.
You feel sick. Sigmund is struck by your spines.
Sigmund hits you with a +0 scythe of venom.
* * * LOW HITPOINT WARNING * * *
You take 6 damage, and have 4/29 hp. !!!!--MASSIVE DAMAGE--!!!!
* * * LOW HITPOINT WARNING * * *
You feel sick.
You take 1 damage, and have 3/29 hp.
Unknown command.
* * * LOW HITPOINT WARNING * * *
You feel sick.
Sigmund screams, "Die, monster!"
Sigmund misses you.
You take 2 damage, and have 1/29 hp.
You closely miss Sigmund.
Sigmund is lightly wounded.
* * * LOW HITPOINT WARNING * * *
You feel sick.
Sigmund points at you and mumbles some strange words.
You are more confused.
You die...

...#.... #...... #......
..♣ #. #..... ..##..
#.###....### ......
........... ......
#........# .....
#...<.@.### .....
..#.....@..# #.
##....)#..### #.
###....##....### #.
../.......####...######.
..####.#...#####...[|...
#.#.....†..........
#.##....†.......... #.
#....###.######.


You could see Sigmund.

Vanquished Creatures
  An adder (D:2)
  A worm (D:2)
  2 dart slugs (D:1)
  4 ball pythons
  2 bats
  3 endoplasms (D:1)
  3 giant cockroaches
  2 goblins
  3 hobgoblins (D:1)
  2 quokkas (D:1)
  4 frilled lizards (D:1)
  2 kobolds (D:1)
  5 rats
34 creatures vanquished.

Notes
Turn   | Place    | Note
-------+----------+-------------------------------------------
     0 | D:1      | Iich the Demonspawn Fighter began the quest for the Orb.
     0 | D:1      | Reached XP level 1. HP: 18/18 MP: 1/1
     0 | D:1      | Upgraded the game from 0.31-a0-803-g95b03c3367 to
                  | 0.31-a0-833-gc15d34cb79
    80 | D:1      | Gained mutation: You are partially covered in sharp spines.
                  | [demonic ancestry]
    80 | D:1      | Reached XP level 2. HP: 14/24 MP: 2/2
   218 | D:1      | Found a faded altar of an unknown god.
   219 | D:1      | Noticed a great orb of eyes
   221 | D:1      | Noticed a golden eye
   221 | D:1      | Noticed a shining eye
   221 | D:1      | Noticed an eye of devastation
   395 | D:1      | Reached skill level 1 in Dodging
   395 | D:1      | Gained mutation: You have a small tail. [demonic ancestry]
   395 | D:1      | Reached XP level 3. HP: 29/29 MP: 3/3
   410 | D:1      | Found Bikar's One-of-a-Kind Rings.
   736 | D:2      | Noticed Sigmund
   761 | D:2      | HP: 1/29 [poisoned by Sigmund]
   763 | D:2      | Succumbed to Sigmund's poison

Illustrated notes

Levels and vault maps discovered:
D:1:      nzn_arrival_crosshair, layout_loops_ring,
          hellmonk_ecumenical_altar_watching_god, nicolae_shop_unique_rings
D:2:      layout_rooms, roderic_serpentine_path, corexii_corridor_pit,
          grunt_ministairs_9, uniq_sigmund

Skill      XL: |  1  2 |
---------------+-------+-----
Axes           | 2 |  2.4
Armour         | 3 |  3.1
Dodging        | 1 |  1.2
Fighting       | |  3.4
Shields        | |  2.6

Action                     || total
---------------------------++-------
  Melee: War axe           ||    70
         Tailslap          ||     2
 Armour: Scale mail        ||    26
         Ring mail         ||    11
  Dodge: Dodged            ||    37
  Block: Buckler           ||    15

Table legend: (Time is in decaauts)
 A = Elapsed time spent in this place.
 B = Non-inter-level travel time spent in this place.
 C = Inter-level travel time spent in this place.
 D = Time resting spent in this place.
 E = Time spent auto-exploring this place.
 F = Levels seen in this place.
 G = Mean time per level.
                   A        B        C        D        E       F      G
               +--------+--------+--------+--------+--------+-----+--------+
         Total |    792 |    788 |      4 |      0 |    572 |   2 |  396.0 |
       Dungeon |    792 |    788 |      4 |      0 |    572 |   2 |  396.0 |
               +--------+--------+--------+--------+--------+-----+--------+

Top non-repeatable levels by time:
     D:1: 693 daAuts
     D:2: 99 daAuts
